 Dungeon Crawl Stone Soup version 0.28-a0-1404-g4df0f3684d (webtiles) character file.

Game seed: 14875013746695172043

142 rogsnak the Digger (level 5, -1/55 HPs)
             Began as a Demonspawn Earth Elementalist on Jan 5, 2022.
             Slain by a water moccasin (6 damage)
             ... on level 4 of the Dungeon.
             The game lasted 00:04:52 (4434 turns).

rogsnak the Digger (Demonspawn Earth Elementalist)  Turns: 4434, Time: 00:04:52

Health: -1/55      AC:  1    Str: 12    XL:     5   Next: 4%
Magic:  2/18       EV: 12    Int: 19    God:
Gold:   125        SH:  0    Dex: 13    Spells: 3/9 levels left

rFire   . . .      SeeInvis +   s - +11 whip of Ronnul {vorpal, Str+4}
rCold   . . .      Faith    .   (no shield)
rNeg    . . .      Spirit   .   b - +0 robe
rPois   .          Reflect  .   (helmet unavailable)
rElec   .          Harm     .   (no cloak)
rCorr   .          Rampage  .   (no gloves)
Will    .....                   (no boots)
Stlth   ..........              (no amulet)
HPRegen 0.18/turn               h - ring of magical power
MPRegen 0.16/turn               (no ring)

@: berserking, lethally poisoned (-1 -> -14), silenced, very slightly
contaminated, very quick
A: antennae 3, claws 1, deformed body
a: no special abilities


You were on level 4 of the Dungeon.
You visited 1 branch of the dungeon, and saw 4 of its levels.

You collected 125 gold pieces.

Inventory:

Hand Weapons
 s - the +11 whip of Ronnul (weapon) {vorpal, Str+4}
   (You found it on level 4 of the Dungeon)

   It inflicts extra damage upon your enemies.
   Str:       It affects your strength (+4).
Missiles
 c - 159 stones
Armour
 b - a +0 robe (worn)
Magical Staves
 e - a staff of cold
Jewellery
 h - a ring of magical power (left claw)
 r - an amulet of guardian spirit
Scrolls
 d - 2 scrolls of vulnerability {unknown}
 l - a scroll of identify {unknown}
 o - a scroll of enchant weapon {unknown}
 q - a scroll of teleportation {unknown}


   Skills:
 + Level 1.2 Fighting
 + Level 2.3 Dodging
 - Level 1.7 Stealth
 + Level 2.8 Spellcasting
 * Level 1.2 Conjurations
 - Level 0.8 Transmutations
 + Level 3.9 Earth Magic


You had 3 spell levels left.
You knew the following spells:

 Your Spells              Type           Power      Damage    Failure   Level
a - Sandblast             Erth           34%        2d9       3%          1
b - Stone Arrow           Conj/Erth      24%        3d8       16%         3
c - Blink                 Tloc           4%         N/A       24%         2

Your spell library contained the following spells:

 Spells                   Type           Power      Damage    Failure   Level
 Passwall                 Tmut/Erth      9%         N/A       9%          2
 Summon Small Mammal      Summ           8%         N/A       16%         1
 Call Canine Familiar     Summ           2%         N/A       43%         3
 Gell's Gravitas          Tloc           2%         N/A       43%         3
 Summon Guardian Golem    Hex/Summ       2%         N/A       43%         3
 Teleport Other           Tloc           2%         N/A       43%         3
 Petrify                  Tmut/Erth      11%        N/A       50%         4
 Manifold Assault         Tloc           2%         N/A       99%         5
 Dispersal                Tloc           1%         N/A       100%        6
 Storm Form               Tmut/Air       2%         N/A       100%        7


Dungeon Overview and Level Annotations

Branches:
Dungeon (4/15)
 Temple: D:4-7

Altars:

Shops:
D:1 ?


Innate Abilities, Weirdness & Mutations

You have a pair of large antennae on your head. (SInv)
You have sharp fingernails.
Armour fits poorly on your strangely shaped body.


Message History

The water moccasin bites you but does no damage.
Unknown command.
As you read the scroll labelled JAEDIU IJACARCH, it crumbles to dust.
You hear a loud clanging noise!
It was a scroll of noise.
You feel sick.
You hear a shout!
Something shouts, "Tremble, thou qualling clay-brained nightsoil!"
You hear a shout! x3; You hear a bellow!
You hear a shout!
You hear a bellow!
The water moccasin misses you.
It was a potion of heal wounds.
You feel much better.
You feel sick. The water moccasin misses you.
The water moccasin bites you but does no damage.
Unknown command.
Casting: Stone Arrow (quite dangerous; 16% risk of failure)
Confirm with . or Enter, or press ? or * to list all spells.
You don't know that spell.
Unknown command.
You aren't carrying any items that you can evoke.
Unknown command.
As you read the scroll labelled ARAORY USHI, it crumbles to dust.
A profound silence engulfs you.
It was a scroll of silence.
You feel sick. The water moccasin bites you.
* * * LOW HITPOINT WARNING * * *
You are lethally poisoned!
The water moccasin poisons you!
Unknown command.
It was a potion of berserk rage.
A red film seems to cover your vision as you go berserk!
You feel yourself moving faster!
You feel mighty!
* * * LOW HITPOINT WARNING * * *
You feel very sick. The water moccasin bites you.
* * * LOW HITPOINT WARNING * * *
A shadow imp comes into view.
The water moccasin completely misses you.
You barely miss the water moccasin.
The water moccasin is heavily wounded.
* * * LOW HITPOINT WARNING * * *
You feel sick. The water moccasin bites you.
You die...

.. #..... .# ##..5..
.# #.....#### ...
#........# # # #..
#........# # #.#. ..
#........##.###.#.##.#
#...S................#
#@..g.# ....#.#.##
#####.....# ##..#.#.##
#.........# ..........
#.....##### ..........
#.....# ######.#.#.##
#.##### #.# #.#.#.##
#.# #.####.....##
#.########..........##
#...............#.####


You could see a water moccasin, a shadow imp and a goblin.

Vanquished Creatures
  A scorpion (D:4)
  3 adders (D:2)
  An ufetubus (D:4)
  A worm (D:3)
  2 dart slugs (D:1)
  6 endoplasms
  4 giant cockroaches
  4 hobgoblins
  4 jackals (D:3)
  4 kobolds
  4 ball pythons
  2 bats (D:1)
  4 frilled lizards
  5 goblins
  2 rats
47 creatures vanquished.

Notes
Turn   | Place    | Note
-------+----------+-------------------------------------------
     0 | D:1      | rogsnak the Demonspawn Earth Elementalist began the quest
                  | for the Orb.
     0 | D:1      | Reached XP level 1. HP: 13/13 MP: 3/3
   284 | D:1      | Reached skill level 3 in Earth Magic
   494 | D:1      | Discovered your monstrous ancestry.
   494 | D:1      | Gained mutation: You have a pair of small antennae on your
                  | head. [demonic ancestry]
   494 | D:1      | Reached XP level 2. HP: 5/19 MP: 1/5
  1435 | D:1      | Found Vysemah's Magic Scroll Shop.
  1734 | D:2      | Gained mutation: You have a pair of antennae on your head.
                  | [demonic ancestry]
  1734 | D:2      | Reached XP level 3. HP: 24/24 MP: 6/6
  1967 | D:2      | Learned a level 3 spell: Stone Arrow
  2170 | D:2      | Found a faded altar of an unknown god.
  3558 | D:3      | Gained mutation: You have a pair of large antennae on your
                  | head. (SInv) [demonic ancestry]
  3558 | D:3      | Reached XP level 4. HP: 29/31 MP: 7/7
  4212 | D:4      | Learned a level 2 spell: Blink
  4214 | D:4      | Noticed a scorpion
  4217 | D:4      | Killed a scorpion
  4218 | D:4      | Reached skill level 1 in Fighting
  4218 | D:4      | Reached skill level 1 in Conjurations
  4297 | D:4      | Gained mutation: You have sharp fingernails. [demonic
                  | ancestry]
  4297 | D:4      | Reached XP level 5. HP: 29/37 MP: 9/9
  4380 | D:4      | Identified the +11 whip of Ronnul {vorpal, Str+4}
  4421 | D:4      | Noticed a water moccasin
  4429 | D:4      | Gained mutation: Armour fits poorly on your strangely
                  | shaped body. [potion of mutation]
  4434 | D:4      | Slain by a water moccasin

Illustrated notes

Levels and vault maps discovered:
D:1:      minmay_arrival_hallway, layout_loops_ring, serial_shops, shop
D:2:      layout_loops_ring, basic_ecumenical_altar
D:3:      layout_basic, hex_medium
D:4:      layout_basic, uniq_robin

Skill      XL: |  1  2  3  4 |
---------------+-------------+-----
Earth Magic    | 3 |  3.9
Dodging        | 2 |  2.3
Fighting       | 1 |  1.2
Conjurations   | 1 |  1.2
Stealth        | |  1.7
Spellcasting   | |  2.8
Transmutations | |  0.8

Action                   |  1- 3 |  4- 6 || total
-------------------------+-------+-------++-------
Melee: Spear             |   102 |       ||   102
       War axe           |    34 |       ||    34
       Punch             |     1 |       ||     1
       Quarterstaff      |       |    16 ||    16
       Whip              |       |     2 ||     2
 Cast: Sandblast         |    11 |     7 ||    18
       Stone Arrow       |       |     9 ||     9
  Use: Potion            |       |     3 ||     3
       Scroll            |       |     2 ||     2
 Stab: Sleeping          |     5 |     1 ||     6
Armor: Robe              |    23 |     4 ||    27
Dodge: Dodged            |    78 |    16 ||    94

Table legend: (Time is in decaauts)
 A = Elapsed time spent in this place.
 B = Non-inter-level travel time spent in this place.
 C = Inter-level travel time spent in this place.
 D = Time resting spent in this place.
 E = Time spent auto-exploring this place.
 F = Levels seen in this place.
 G = Mean time per level.
                   A        B        C        D        E       F      G
               +--------+--------+--------+--------+--------+-----+--------+
         Total |   4462 |   4342 |    120 |    612 |   3237 |   4 | 1115.5 |
       Dungeon |   4462 |   4342 |    120 |    612 |   3237 |   4 | 1115.5 |
               +--------+--------+--------+--------+--------+-----+--------+

Top non-repeatable levels by time:
     D:1: 1713 daAuts
     D:2: 1508 daAuts
     D:3: 1008 daAuts
     D:4: 232 daAuts
